 Dungeon Crawl Stone Soup version 0.28.0-53-g5a82cb258f (webtiles) character file.

Game seed: 6020188778811008512

93 Peloso the Skirmisher (level 4, -1/36 HPs)
             Began as a Demonspawn Fighter on June 4, 2022.
             Engulfed by a steam dragon's steam (6 damage)
             ... on level 3 of the Dungeon.
             The game lasted 00:03:51 (2624 turns).

Peloso the Skirmisher (Demonspawn Fighter)          Turns: 2624, Time: 00:03:52

Health: -1/36      AC:  6    Str: 18    XL:     4   Next: 36%
Magic:  4/4        EV:  9    Int: 10    God:
Gold:   81         SH:  5    Dex: 12    Spells: 3/3 levels left

rFire   . . .      SeeInvis .   a - +1 long sword
rCold   + . .      Faith    .   c - +1 buckler
rNeg    . . .      Spirit   .   b - +0 scale mail
rPois   .          Reflect  .   (no helmet)
rElec   .          Harm     .   (no cloak)
rCorr   .          Rampage  .   (no gloves)
Will    .....                   (no boots)
Stlth   ..........              (no amulet)
HPRegen 0.12/turn               o - ring of protection from cold
MPRegen 0.09/turn               p - ring of flight

@: mighty, flying
A: hooves 1, foul stench 1
a: no special abilities


You were on level 3 of the Dungeon.
You visited 1 branch of the dungeon, and saw 3 of its levels.

You collected 81 gold pieces.

Inventory:

Hand Weapons
 a - a +1 long sword (weapon)
Armour
 b - a +0 scale mail (worn)
 c - a +1 buckler (worn)
Jewellery
 h - an amulet of the acrobat
 o - a ring of protection from cold (left hand)
 p - a ring of flight (right hand)
Scrolls
 m - a scroll of identify
Potions
 e - a potion of curing {unknown}
 n - 2 potions of invisibility


   Skills:
 + Level 3.6 Fighting
 + Level 2.5 Long Blades
 + Level 3.3 Armour
 + Level 0.5 Dodging
 + Level 3.1 Shields


You had 3 spell levels left.
You didn't know any spells.
Your spell library was empty.

Dungeon Overview and Level Annotations

Branches:
Dungeon (3/15)

Altars:


Innate Abilities, Weirdness & Mutations

You have large cloven feet.
You may rarely emit foul miasma when damaged in melee.


Message History

HP restored.
A bat comes into view.
A bat is nearby!
A bat is nearby!
A bat is nearby!
You hit the bat but do no damage. You kick the bat.
The bat is moderately wounded.
The bat hits you. x2
The bat barely misses you. The bat hits you but does no damage.
You hit the bat.
You kill the bat!
e - a bubbling pink potion
n - 2 potions of invisibility (gained 1)
Found a stone staircase leading down.
A steam dragon comes into view.
The steam dragon hisses angrily.
You see here 11 gold pieces.
A steam dragon is nearby!
A steam dragon is nearby!
A steam dragon is nearby!
You feel very mighty all of a sudden. The steam dragon bites you.
The steam dragon claws you but does no damage.
You closely miss the steam dragon. The steam dragon bites you.
The steam dragon claws you.
You hit the steam dragon. You kick the steam dragon.
The steam dragon is moderately wounded.
The steam dragon breathes steam at you. The ball of steam hits you!
The steam dragon bites you. The steam dragon closely misses you.
You hit the steam dragon. You kick the steam dragon.
The steam dragon is heavily wounded.
You are engulfed in a cloud of scalding steam.
* * * LOW HITPOINT WARNING * * *
The steam dragon barely misses you. The steam dragon completely misses you.
You closely miss the steam dragon.
The steam dragon is heavily wounded.
You are engulfed in a cloud of scalding steam.
You die...

#..##..#####.#
########..##..##..#.#
..............##..#.#
...>......###.#.....##
................#....#
..............#.#.#.##
.....##.##.####.#.###
.....##.##.####.#.#
......D@ยงยง......#.#
#.#.###.##......#.#
.....##.#...##.######
............##.......
#####.#..#..##########
.........#.<......#
...........(...##.####
.........#.#.####.....
......##.#.#.....#####


You could see a steam dragon (catching breath).

Vanquished Creatures
  4 adders (D:2)
  A dart slug (D:1)
  11 ball pythons
  2 bats
  4 endoplasms
  3 giant cockroaches (D:1)
  5 goblins (D:1)
  4 hobgoblins (D:1)
  3 jackals (D:1)
  4 frilled lizards (D:1)
  4 kobolds
  8 rats
53 creatures vanquished.

Vanquished Creatures (others)
  2 demonic plants (D:3)
  10 fungi (D:3)
  11 plants (D:3)
  A withered plant (D:3)
24 creatures vanquished.

Grand Total: 77 creatures vanquished

Notes
Turn   | Place    | Note
-------+----------+-------------------------------------------
     0 | D:1      | Peloso the Demonspawn Fighter began the quest for the Orb.
     0 | D:1      | Reached XP level 1. HP: 18/18 MP: 1/1
   113 | D:1      | Gained mutation: You have large cloven feet. [demonic
                  | ancestry]
   113 | D:1      | Reached XP level 2. HP: 18/24 MP: 2/2
  1044 | D:1      | Reached XP level 3. HP: 29/29 MP: 3/3
  1825 | D:2      | Gained mutation: You may rarely emit foul miasma when
                  | damaged in melee. [demonic ancestry]
  1825 | D:2      | Reached XP level 4. HP: 30/35 MP: 4/4
  2618 | D:3      | Noticed a steam dragon
  2624 | D:3      | Engulfed by a steam dragon's steam

Illustrated notes

Levels and vault maps discovered:
D:1:      roderic_octagonal_star, layout_loops_cross
D:2:      minmay_wonky_spiral, layout_basic, small_statue_intersection,
          minmay_snake_closets
D:3:      layout_basic, lemuel_round_altar, shapermc_ecumenical_altar_gd

Skill      XL: |  1  2 |
---------------+-------+-----
Armour         | 3 |  3.3
Shields        | 3 |  3.1
Long Blades    | 2 |  2.5
Fighting       | |  3.6
Dodging        | |  0.5

Action                   |  1- 3 |  4- 6 || total
-------------------------+-------+-------++-------
Melee: Long sword        |   112 |    29 ||   141
       Kick              |    20 |     9 ||    29
  Use: Scroll            |       |     8 ||     8
       Potion            |       |     1 ||     1
Armor: Scale mail        |    48 |    11 ||    59
Dodge: Dodged            |    58 |    12 ||    70
Block: Buckler           |    27 |     4 ||    31
